 Dungeon Crawl Stone Soup version 0.27.0-1-g7a089689b8 (webtiles) character file.

Game seed: 8903224915203707862

2429 Anothat the Geomancer (level 9, -5/57 HPs)
             Began as a Gargoyle Earth Elementalist on Aug 9, 2021.
             Killed from afar by a steam dragon (10 damage)
             ... with a ball of steam
             ... on level 7 of the Dungeon.
             The game lasted 00:13:51 (6068 turns).

Anothat the Geomancer (Gargoyle Earth Elementalist) Turns: 6068, Time: 00:13:51

Health: -5/57      AC: 12    Str:  9 (12) XL:     9   Next: 48%
Magic:  2/19       EV: 18    Int: 18 (19) God:
Gold:   276        SH:  0    Dex:  7 (10) Spells: 8/21 levels left

rFire    . . .     SeeInvis .   (weapon currently unavailable)
rCold    . . .     Faith    .   (shield currently unavailable)
rNeg     + + +     Spirit   .   (armour currently unavailable)
rPois    ∞         Reflect  .   (helmet currently unavailable)
rElec    .         Harm     .   (cloak currently unavailable)
rCorr    .         Rampage  .   (gloves currently unavailable)
Will     .....                  (boots currently unavailable)
Stlth    ++........             (no amulet)
HPRegen  0.19/turn              (no ring)
MPRegen  0.16/turn              (no ring)

@: fungus-form, flying, hasted, very quick
A: melee confuse, terrified, no casting, sickness immunity, AC +6, tiny,
negative energy resistance 1, (electricity resistance), torment resistance 1,
petrification resistance
a: no special abilities


You were on level 7 of the Dungeon.
You were a sentient fungus.
You visited 1 branch of the dungeon, and saw 7 of its levels.

You collected 276 gold pieces.

Inventory:

Hand Weapons
 a - a +0 short sword
 i - a +3 dagger (melded)
 n - a +0 flail
Missiles
 c - 103 stones
 x - a throwing net
Armour
 b - a +0 robe (melded)
 g - a +0 pair of boots
 h - a +1 hat (melded)
 s - a +0 cloak (melded)
 v - a +2 pair of boots (melded)
Magical Staves
 u - a staff of fire
Jewellery
 l - an amulet of reflection
Wands
 y - a wand of acid (2)
 H - a wand of paralysis (7)
Scrolls
 f - 5 scrolls of magic mapping {unknown}
 q - 5 scrolls of teleportation {unknown}
 r - 5 scrolls of identify {unknown}
 t - a scroll of noise {unknown}
 w - 2 scrolls of blinking {unknown}
 z - a scroll of torment {unknown}
 A - a scroll of immolation {unknown}
 B - a scroll of amnesia {unknown}
 C - a scroll of enchant armour {unknown}
 E - a scroll of holy word {unknown}
 G - a scroll of brand weapon {unknown}
Potions
 d - 3 potions of flight
 e - a potion of attraction {unknown}
 j - 2 potions of haste
 k - a potion of resistance {unknown}
 m - a potion of degeneration
 o - a potion of brilliance {unknown}
 p - a potion of berserk rage {unknown}
 D - a potion of ambrosia {unknown}
 F - a potion of curing {unknown}


   Skills:
 + Level 7.6 Fighting
 - Level 1.5 Dodging
 - Level 2.1 Stealth
 + Level 6.7 Spellcasting
 + Level 0.6 Conjurations
 - Level 2.0 Transmutations
 + Level 0.5 Fire Magic
 - Level 9.1 Earth Magic


You had 8 spell levels left.
You knew the following spells:

 Your Spells              Type           Power      Damage    Failure   Level
a - Sandblast             Erth           78%        2d17      1%          1
b - Passwall              Tmut/Erth      21%        N/A       1%          2
c - Stone Arrow           Conj/Erth      46%        3d9       4%          3
d - Conjure Flame         Conj/Fire      8%         6-21      26%         3
e - Petrify               Tmut/Erth      26%        N/A       11%         4

Your spell library contained the following spells:

 Spells                   Type           Power      Damage    Failure   Level
 Lee's Rapid Deconstruct  Erth           19%        3d12*     7%          5
 Foxfire                  Conj/Fire      32%        2x1d5     9%          1
 Ignite Poison            Fire/Tmut/Pois 9%         N/A       24%         3
 Inner Flame              Hex/Fire       6%         N/A       30%         3
 Mephitic Cloud           Conj/Pois/Air  6%         N/A       30%         3
 Ozocubu's Armour         Ice            6%         N/A       32%         3
 Bolt of Magma            Conj/Fire/Erth 9%         4d7       58%         5
 Metabolic Englaciation   Hex/Ice        3%         N/A       97%         5
 Simulacrum               Ice/Necr       3%         N/A       100%        6


Dungeon Overview and Level Annotations

Branches:
Dungeon (7/15)
 Temple: D:4-7

Altars:
Cheibriados
Fedhas
Kikubaaqudgha
Makhleb
Ru
Trog
Xom
Zin

Shops:
D:1 !

Annotations:
D:7 Dowan


Innate Abilities, Weirdness & Mutations

You are a sentient fungus.
You are tiny and evasive.
Your melee attack releases spores that confuse breathing creatures.
You become terrified and freeze when enemies are visible.
Your armour is entirely melded.
You are incapable of wielding weapons or throwing items.
You cannot cast spells.
You are immune to sickness and miasma.
((Your stone body is resilient. (AC +6)))
You are immune to poison.
You resist negative energy. (rN+)
((You are resistant to electric shocks. (rElec)))
You are resistant to unholy torment.
You are immune to petrification.


Message History

Confirm with . or Enter, or press ? or * to list all spells.
Aiming: Stone Arrow (dangerous; 4% risk of failure)
Press: ? - help, Shift-Dir - straight line, f/p - Dowan
Aim: Dowan, wielding a +2 vampiric dagger, wearing a +0 robe and carrying a wand of polymorph (7) (heavily wounded, fast, 60% to hit)
The stone arrow misses Dowan.
Dowan zaps a wand.
You easily resist.
Dowan hits you with a +2 vampiric dagger.
Okay, then.
Okay, then.
Dowan points at you and mumbles some strange words.
The shard of ice hits you but does no damage.
The steam dragon breathes steam at you. The ball of steam hits you!
Dowan hits you with a +2 vampiric dagger.
Dowan is engulfed in a cloud of scalding steam.
Dowan says, "Her death will not be in vain!"
Dowan zaps a wand.
You turn into a sentient fungus.
Your +3 dagger melds into your body.
Your +0 cloak melds into your body.
Your +1 hat melds into your body.
Your +2 pair of boots melds into your body.
Your +0 robe melds into your body.
You're too terrified to move while being watched!
It was a potion of flight.
You feel very buoyant.
You fly up into the air.
Dowan misses you.
It was a potion of haste.
You feel yourself speed up. Dowan barely misses you.
Dowan hits you but does no damage.
It was a potion of degeneration.
There was something very wrong with that liquid.
You feel weakened.
You feel dopey.
You feel clumsy. Dowan gestures at you while chanting.
The shard of ice hits you!
* * * LOW HITPOINT WARNING * * *
Okay, then.
Aiming: Corrosive Bolt
Press: ? - help, Shift-Dir - straight line, f/p - Dowan
Aim: Dowan, wielding a +2 vampiric dagger, wearing a +0 robe and carrying a wand of polymorph (5) (heavily wounded, fast, chance to confuse on hit: 70%, 60% to hit)
The bolt of acid misses Dowan.
The steam dragon breathes steam at you. The ball of steam hits you!
You die...

.#>....... ##.####### ).......#
...####.###### .######+#.....
...##........ ##.##....... .
#.##.....### ########## ..
##.##.......# #.fe.....# ...
...##.......# #).§§....# ....
#####.......###....D...#####.....
....'..................(D?......8
...##............##########...8..
...#####.........# .(.... ...#
#.........# ..8... ...#
#.........# .....? .).#
##........# #..8e.


You could see a steam dragon (catching breath) and Dowan (fast).

Vanquished Creatures
  Grinder (D:6)
  Eustachio (D:6)
  Menkaure (D:7)
  A water moccasin (D:6)
  Duvessa (D:7)
  3 ice beasts
  2 black bears (D:5)
  3 ogres
  A centaur (D:6)
  2 phantoms (D:4)
  Blork the orc (D:6)
  A scorpion (D:5)
  2 bullfrogs
  A centaur skeleton (D:6)
  A bullfrog skeleton (D:6)
  2 jellies
  2 orc wizards (D:5)
  3 iguanas
  2 hound skeletons (D:5)
  A mummy (D:6)
  6 gnolls
  8 adders
  2 shadow imps (D:6)
  4 white imps
  3 ufetubi
  2 adder skeletons (D:4)
  2 dart slugs
  9 orcs
  8 ball pythons
  6 endoplasms
  4 giant cockroaches
  10 hobgoblins
  4 jackals (D:2)
  2 quokkas
  6 bats
  2 frilled lizards
  8 goblins
  7 kobolds
  A rat (D:3)
126 creatures vanquished.

Notes
Turn   | Place    | Note
-------+----------+-------------------------------------------
     0 | D:1      | Anothat the Gargoyle Earth Elementalist began the quest for
                  | the Orb.
     0 | D:1      | Reached XP level 1. HP: 10/10 MP: 3/3
   114 | D:1      | Found Eqaogix's Distillery.
   229 | D:1      | Reached skill level 1 in Transmutations
   229 | D:1      | Reached XP level 2. HP: 16/16 MP: 3/5
   765 | D:1      | Reached skill level 1 in Fighting
  1091 | D:2      | Reached skill level 4 in Earth Magic
  1091 | D:2      | Reached XP level 3. HP: 20/20 MP: 2/6
  1173 | D:2      | Learned a level 2 spell: Passwall
  1177 | D:2      | Learned a level 3 spell: Stone Arrow
  1596 | D:2      | Reached XP level 4. HP: 26/26 MP: 2/7
  2246 | D:3      | Reached XP level 5. HP: 30/30 MP: 7/9
  2785 | D:3      | Found a sacrificial altar of Ru.
  3265 | D:4      | Found a shimmering altar of Xom.
  3311 | D:4      | Found a blossoming altar of Fedhas.
  3378 | D:4      | Noticed a phantom
  3378 | D:4      | Noticed an ogre
  3378 | D:4      | Noticed a black bear
  3394 | D:5      | Entered Level 5 of the Dungeon
  3587 | D:5      | Reached skill level 5 in Earth Magic
  3592 | D:5      | Reached XP level 6. HP: 36/37 MP: 4/10
  3764 | D:5      | Noticed a black bear
  3777 | D:5      | Killed a black bear
  3982 | D:5      | Reached XP level 7. HP: 43/43 MP: 9/12
  4039 | D:5      | Reached skill level 6 in Earth Magic
  4305 | D:5      | Found an ancient bone altar of Kikubaaqudgha.
  4478 | D:5      | Found a bloodstained altar of Trog.
  4554 | D:6      | Reached skill level 5 in Fighting
  4555 | D:6      | Reached XP level 8. HP: 43/49 MP: 4/15
  4664 | D:6      | Found a snail-covered altar of Cheibriados.
  4778 | D:6      | Noticed Blork the orc
  4781 | D:6      | Reached skill level 7 in Earth Magic
  4782 | D:6      | Killed Blork the orc
  4782 | D:6      | Noticed Eustachio
  4783 | D:6      | Reached skill level 5 in Spellcasting
  4789 | D:6      | Killed Eustachio
  4923 | D:6      | Noticed Grinder
  4930 | D:6      | Killed Grinder
  4931 | D:6      | Reached skill level 8 in Earth Magic
  5004 | D:6      | Found a glowing silver altar of Zin.
  5112 | D:6      | Reached XP level 9. HP: 56/56 MP: 14/18
  5345 | D:6      | Found a burning altar of Makhleb.
  5819 | D:7      | Noticed Menkaure
  5821 | D:7      | Reached skill level 9 in Earth Magic
  5893 | D:7      | Killed Menkaure
  5954 | D:7      | Learned a level 3 spell: Conjure Flame
  5959 | D:7      | Learned a level 4 spell: Petrify
  6044 | D:7      | Noticed Duvessa
  6044 | D:7      | Noticed Dowan
  6055 | D:7      | Killed Duvessa
  6068 | D:7      | Killed from afar by a steam dragon

Illustrated notes

Levels and vault maps discovered:
D:1:      ncdulo_lavacross, layout_loops_cross, serial_shops, shop,
          shapermc_ecumenical_altar_petra, minmay_misc_feat_nine_boxes,
          corexii_corridor_pit, minmay_misc_feat_ornament
D:2:      layout_basic, minmay_3d_cube
D:3:      layout_loops_ring, nicolae_ru_path_of_blood
D:4:      layout_cave_pools, xom_butterflies, mainiacjoe_overflow_brackets,
          minmay_joined_circles
D:5:      layout_loops_ring, mainiacjoe_overflow_boulevard,
          mainiacjoe_overflow_alcove_1
D:6:      layout_basic, mainiacjoe_overflow_small_starburst,
          makhleb_grotto_becter, slow_altar_1, uniq_grinder, uniq_eustachio,
          uniq_blork_the_orc
D:7:      layout_basic, nicolae_uskayaw_dance_hall, minmay_temple_entry_trees,
          uniq_menkaure, uniq_duvessa

Skill      XL: |  1  2  3  4  5  6  7  8  9 |
---------------+----------------------------+-----
Transmutations | 1 2 |  2.0
Fighting       | 1 2 3 4 5 6 7 |  7.6
Earth Magic    | 4 5 6 8 9 |  9.1
Spellcasting   | 3 4 6 |  6.7
Dodging        | |  1.5
Stealth        | |  2.1
Conjurations   | |  0.6
Fire Magic     | |  0.5

Action                   |  1- 3 |  4- 6 |  7- 9 || total
-------------------------+-------+-------+-------++-------
Melee: Short sword       |     1 |       |       ||     1
       Dagger            |     1 |    28 |     3 ||    32
 Cast: Sandblast         |    42 |    96 |    72 ||   210
       Passwall          |     1 |     1 |       ||     2
       Stone Arrow       |       |       |    20 ||    20
       Conjure Flame     |       |       |     1 ||     1
Evoke: Wand              |       |       |    11 ||    11
  Use: Potion            |       |       |     3 ||     3
Armor: Robe              |     1 |    24 |    14 ||    39
       Skin              |       |       |     1 ||     1
Dodge: Dodged            |     8 |    41 |    17 ||    66
